 Dungeon Crawl Stone Soup version 0.31-a0-692-gf03d1854d5 (webtiles) character file.

Game seed: 7060638127377788811

148 qw the Shooter (level 5, -4/32 HPs)
             Began as a Gargoyle Hunter on Sept 6, 2023.
             Killed by divine providence
             ... invoked by an orc priest
              (10 damage)
             ... on level 4 of the Dungeon.
             The game lasted 00:00:40 (1796 turns).

qw the Shooter (Gargoyle Hunter)                    Turns: 1796, Time: 00:00:40

Health: -4/32      AC:  9    Str: 15    XL:     5   Next: 30%
Magic:  5/5        EV: 11    Int: 14    God:
Gold:   69         SH:  5    Dex: 15    Spells: 4/4 levels left

rFire   . . .        Y - +0 shortbow (flame)
rCold   + . .        (shield currently unavailable)
rNeg    + . .        e - +0 ring mail
rPois   inf          (no helmet)
rElec   +            (no cloak)
rCorr   .            (no gloves)
SInv    .            (no boots)
Will    .....        c - amulet of the Ban {Reflect rC+ Int+5 SH+5 Stlth-} Stlth
                     (no ring)
HPRegen 0.25/turn    (no ring)
MPRegen 0.09/turn

%: reflection
@: about to teleport
A: sickness immunity, AC +4, negative energy resistance 1, electricity
resistance, torment resistance 1, petrification resistance
a: no special abilities


You were on level 4 of the Dungeon.
You visited 1 branch of the dungeon, and saw 4 of its levels.

You collected 127 gold pieces.
You spent 58 gold pieces at shops.


Innate Abilities, Weirdness & Mutations

You are immune to sickness and miasma.
Your stone body is resilient. (AC +4)
You are immune to poison.
You resist negative energy. (rN+)
You are resistant to electric shocks. (rElec)
You are resistant to unholy torment.
You are immune to petrification.


   Skills:
 - Level 3.0 Fighting
 + Level 5.9 Ranged Weapons
 - Level 1.4 Armour
 - Level 1.5 Dodging
 - Level 1.1 Stealth


You had 4 spell levels left.
You didn't know any spells.
Your spell library was empty.

Inventory:

Hand Weapons
 Y - a +0 shortbow of flaming (weapon)
Armour
 e - a +0 ring mail (worn)
Jewellery
 c - the amulet of the Ban (around neck) {Reflect rC+ Int+5 SH+5 Stlth-}
   (You acquired it on level 2 of the Dungeon)

   [amulet of reflection]

   Reflect:   It reflects blocked missile attacks.
   Int+5:     It affects your intelligence (+5).
   rC+:       It protects you from cold.
   SH+5:      It affects your SH (+5).
   Stlth-:    It makes you less stealthy.
Scrolls
 a - 6 scrolls of identify
Potions
 b - 3 potions of curing

Dungeon Overview and Level Annotations

Branches:
Dungeon (4/15)
 Temple: D:4-7

Altars:
Makhleb
Nemelex Xobeh
Sif Muna
Uskayaw
Wu Jian
Xom

Shops:
D:2 *

Annotations:
D:2 1 runed translucent door, Crazy Yiuf


Message History

An orc priest comes into view. It is wielding a +0 hand axe.
A kobold comes into view. It is wielding a +0 whip.
You shoot an arrow. The arrow hits the kobold.
The arrow burns the kobold.
The kobold is heavily wounded.
You shoot an arrow. The arrow hits the kobold!
The arrow burns the kobold.
You kill the kobold!
An ufetubus comes into view.
An orc priest comes into view. It is wielding a +0 hand axe.
You shoot an arrow. The orc priest shouts!
The arrow hits the orc.
The arrow burns the orc.
You kill the orc!
You shoot an arrow.
The arrow completely misses the ufetubus.
The ufetubus barely misses you. You block the ufetubus's attack.
The ufetubus completely misses you. The ufetubus closely misses you.
You shoot an arrow. The arrow barely misses the ufetubus.
The ufetubus hits you. The ufetubus misses you.
An endoplasm comes into view.
The ufetubus hits you. You block the ufetubus's attack.
You shoot an arrow. The arrow hits the ufetubus!
The arrow burns the ufetubus.
You kill the ufetubus!
You shoot an arrow.
The arrow hits the orc priest but does no damage.
You block the orc priest's attack.
You shoot an arrow. The arrow barely misses the orc priest.
The orc priest mumbles some strange prayers to Beogh against you.
Beogh smites you!
You shoot an arrow. The arrow hits the orc priest.
The arrow burns the orc priest.
The orc priest is lightly wounded.
The orc priest mumbles some strange prayers to Beogh against you.
Beogh smites you!
The orc priest hits you but does no damage.
1796 ||| READING scroll of teleportation.
As you read the scroll of teleportation, it crumbles to dust.
You feel strangely unstable.
The orc priest calls down the wrath of Beogh upon you.
Beogh smites you!
You die...

. .. ).(
.... ..).
######J.#
#...@oo#
#.######
#.# #.#
#.# #<#
#.# #.#
#.#


You could see 2 orc priests and an endoplasm.

Vanquished Creatures
  An orc priest (D:4)
  A gnoll (D:1)
  4 adders
  An ufetubus (D:4)
  4 worms
  3 dart slugs
  5 orcs
  3 ball pythons
  2 bats (D:1)
  4 endoplasms
  3 goblins
  6 hobgoblins
  2 quokkas (D:1)
  A frilled lizard (D:1)
  2 kobolds
  4 rats
46 creatures vanquished.

Notes
Turn   | Place    | Note
-------+----------+-------------------------------------------
     0 | D:1      | qw the Gargoyle Hunter began the quest for the Orb.
     0 | D:1      | Reached XP level 1. HP: 12/12 MP: 1/1
     0 | D:1      | 0 ||| qw: Version: 0.3-a-76-g4403597
     0 | D:1      | 0 ||| qw: Game counter: 291
     0 | D:1      | 0 ||| qw: Melee chars always use a shield: true
     0 | D:1      | 0 ||| qw: God list: Okawaru
     0 | D:1      | 0 ||| qw: Allow faded altars: false
     0 | D:1      | 0 ||| qw: Do Orc after clearing Dungeon:15 true
     0 | D:1      | 0 ||| qw: Do second Lair branch before Depths: true
     0 | D:1      | 0 ||| qw: Lair rune preference: random
     0 | D:1      | 0 ||| qw: Goals: Normal
     0 | D:1      | 0 ||| PLANNING D:1-11
   102 | D:1      | Reached XP level 2. HP: 17/17 MP: 2/2
   279 | D:1      | Found a faded altar of an unknown god.
   293 | D:1      | Reached XP level 3. HP: 17/21 MP: 3/3
   466 | D:1      | 466 ||| READING 3 scrolls labelled ANIJ KIBROWK.
   467 | D:1      | 467 ||| READING scroll labelled EFOURPHAUXYKK.
   468 | D:1      | 468 ||| READING 2 scrolls of identify.
   468 | D:1      | 468 ||| IDENTIFYING coppery potion
   469 | D:1      | 469 ||| DROPPING scroll of butterflies.
   470 | D:1      | 470 ||| DROPPING potion of degeneration.
   536 | D:2      | Reached skill level 5 in Ranged Weapons
   796 | D:2      | Identified the +9 hammer "Zateyxom" {vamp, rF+ Int+7}
   881 | D:2      | Found Nyheuto's Assorted Antiques.
   887 | D:2      | 887 ||| BUYING 2 metallic green potions (37 gold).
   887 | D:2      | Bought 2 metallic green potions for 37 gold pieces
   887 | D:2      | 887 ||| SHOPLISTING sapphire ring (105 gold, have 38).
   887 | D:2      | 887 ||| BUYING scroll labelled EGERGH KYETENIC (21 gold).
   887 | D:2      | Bought a scroll labelled EGERGH KYETENIC for 21 gold pieces
   887 | D:2      | 887 ||| SHOPLISTING scroll labelled XIM PARIPLOM (21 gold,
                  | have 17).
   887 | D:2      | 887 ||| SHOPLISTING tapered ivory wand (84 gold, have 17).
   980 | D:2      | Found a runed translucent door.
   981 | D:2      | Noticed Crazy Yiuf
  1017 | D:2      | Found a sparkling altar of Nemelex Xobeh.
  1206 | D:2      | 1206 ||| UPGRADING to +0 ring mail.
  1216 | D:2      | 1216 ||| DROPPING +0 leather armour.
  1217 | D:2      | 1217 ||| READING scroll labelled TAJOYST DICHYWN.
  1218 | D:2      | 1218 ||| READING scroll labelled EGERGH KYETENIC.
  1218 | D:2      | 1218 ||| ACQUIRING amulet of the Ban {Reflect rC+ Int+5
                  | SH+5 Stlth-}
  1218 | D:2      | Acquired the amulet of the Ban {Reflect rC+ Int+5 SH+5
                  | Stlth-}
  1220 | D:2      | 1220 ||| UPGRADING to amulet of the Ban {Reflect rC+ Int+5
                  | SH+5 Stlth-}.
  1225 | D:2      | 1225 ||| READING scroll labelled JOESYRAXZO.
  1226 | D:2      | 1226 ||| READING scroll labelled YRHODOERECS.
  1227 | D:2      | 1227 ||| READING scroll labelled NERICE SAFECS.
  1231 | D:2      | 1231 ||| DRINKING 3 metallic green potions.
  1273 | D:3      | 1273 ||| STAIRDANCE
  1318 | D:3      | Found a burning altar of Makhleb.
  1325 | D:3      | Reached skill level 1 in Armour
  1325 | D:3      | Reached XP level 4. HP: 27/27 MP: 4/4
  1327 | D:3      | Reached skill level 3 in Fighting
  1369 | D:3      | Found a hide-covered altar of Uskayaw.
  1411 | D:3      | Noticed a +0 dagger
  1412 | D:3      | Noticed a +0 dagger
  1475 | D:3      | Found an ornate altar of the Wu Jian Council.
  1681 | D:3      | Found a shimmering blue altar of Sif Muna.
  1681 | D:3      | Found a shimmering altar of Xom.
  1750 | D:3      | 1750 ||| READING scroll labelled XIM PARIPLOM.
  1784 | D:4      | Reached XP level 5. HP: 32/32 MP: 5/5
  1795 | D:4      | HP: 6/32 [orc priest/divine providence (10)]
  1796 | D:4      | 1796 ||| READING scroll of teleportation.
  1796 | D:4      | Killed from afar by an orc priest

Levels and vault maps discovered:
D:1:      minmay_arrival_jagged, layout_rooms, hellmonk_ecumenical_altar_run_dry
D:2:      layout_loops_cross, basic_altar, serial_shops,
          nicolae_shop_dealshenge, minmay_hedge_maze, uniq_crazy_yiuf_cottage
D:3:      layout_rooms, nicolae_wu_jian_wuxing_cycle, dancing_weapons_uskayaw,
          mainiacjoe_overflow_alcove_1, gammafunk_temple_overflow_wave
D:4:      layout_loops_ring

Skill      XL: |  1  2  3  4 |
---------------+-------------+-----
Ranged Weapons | 5 |  5.9
Armour         | 1 |  1.4
Fighting       | 3 |  3.0
Dodging        | |  1.5
Stealth        | |  1.1

Action                     |  1- 3 |  4- 6 || total
---------------------------+-------+-------++-------
   Fire: Shortbow          |    67 |    61 ||   128
    Use: Scroll            |     8 |     2 ||    10
         Potion            |     1 |       ||     1
 Armour: Leather armour    |     8 |       ||     8
         Ring mail         |     6 |    11 ||    17
  Dodge: Dodged            |    13 |     8 ||    21
  Block: Other             |     5 |     8 ||    13

Table legend:
 A = Non-vault XP
 B = Vault XP
 C = Vault XP percentage of total XP
 D = Non-vault monster count
 E = Vault monster count
 F = Vault count percentage of total count
                 A         B        C        D         E       F
            +---------+---------+-------+---------+---------+-------
      Total |     212 |       0 |   0.0 |      46 |       0 |   0.0
            +---------+---------+-------+---------+---------+-------
        D:1 |      34 |       0 |   0.0 |      12 |       0 |   0.0
        D:2 |      39 |       0 |   0.0 |      11 |       0 |   0.0
        D:3 |      81 |       0 |   0.0 |      18 |       0 |   0.0
        D:4 |      58 |       0 |   0.0 |       5 |       0 |   0.0
            +---------+---------+-------+---------+---------+-------
